 Dungeon Crawl Stone Soup version 0.19-a0-1608-g4cf22de (webtiles) character file.

110791 Amnesiac the Bludgeoner (level 16, -2/122 HPs)
             Began as a Mummy Artificer on Sept 17, 2016.
             Was an Initiate of Gozag.
             Slain by a fire elemental (18 damage)
             ... summoned by a deep elf mage
             ... on level 2 of the Elven Halls.
             The game lasted 01:34:30 (44498 turns).

Amnesiac the Bludgeoner (Mummy Artificer)          Turns: 44498, Time: 01:34:31

Health: -2/122     AC: 18    Str: 16    XL:     16   Next: 8%
Magic:  26/26      EV: 10    Int: 10    God:    Gozag
Gold:   2237       SH:  6    Dex: 19    Spells: 0 memorised, 15 levels left

rFire  x . .     SeeInvis +     g - +2 morningstar (crush)
rCold  + + +     Gourm    .     w - +0 storm dragon armour
rNeg   + + +     Faith    .     W - +0 buckler
rPois  ∞         Spirit   .     v - +0 hat
rElec  +         Dismiss  .     R - +2 cloak "Riodevuf" {rPois rC+++ Stlth-}
rCorr  .         Reflect  .     E - +0 pair of gloves
MR     +++..     Harm     .     r - +1 pair of boots {run}
Stlth  ..........               (no amulet)
                                c - ring of protection from magic
                                u - ring of see invisible

@: liquid flames, about to teleport, glowing, quick
A: no food or potions, fire vulnerability, cold resistance 1, negative energy
resistance 3, torment resistance, unbreathing, in touch with death 1
a: Potion Petition, Call Merchant, Bribe Branch, Renounce Religion


You were on level 2 of the Elven Halls.
You worshipped Gozag.
Gozag was most pleased with you.
You were not hungry.

You visited 5 branches of the dungeon, and saw 21 of its levels.
You also visited: Volcano.

You collected 8113 gold pieces.
You spent 3519 gold pieces at shops.
You paid 2357 gold pieces to Gozag.

Inventory:

Hand Weapons
 a - a +0 blowgun
 g - a +2 morningstar of crushing (weapon)
Missiles
 f - 73 poisoned needles
Armour
 r - a +1 pair of boots of running (worn)
 v - a +0 hat (worn)
 w - a +0 storm dragon armour (worn)
 x - the +4 chain mail "Jofy" {rF+ MR+}
   (You found it on level 7 of the Dungeon)

   It protects you from fire.
   It affects your resistance to hostile enchantments.
 y - a +0 large shield
 E - a +0 pair of gloves (worn)
 R - the +2 cloak "Riodevuf" (worn) {rPois rC+++ Stlth-}
   (You found it in a volcano)

   It renders you almost immune to cold.
   It protects you from poison.
   It makes you less stealthy.
 W - a +0 buckler (worn)
 Y - a +0 shield
 Z - a +0 fire dragon armour
Magical Staves
 V - an uncursed staff of earth
Rods
 k - a +4 iron rod (17/17)
   (You bought it in a shop on level 10 of the Dungeon)
Jewellery
 c - a ring of protection from magic (right hand)
 o - an uncursed ring of flight
 t - a +6 ring of intelligence
 u - a ring of see invisible (left hand)
 M - a +4 ring of strength
Wands
 d - a wand of enslavement (0/24)
 e - a wand of random effects (6/48)
 h - a wand of lightning (4/15)
 p - a wand of lightning (5/15)
 q - a wand of random effects (4/48)
 B - a wand of teleportation (2/9)
 F - a wand of paralysis (3/24)
 J - a wand of confusion (0/48)
 S - a wand of disintegration (0/24)
 X - a wand of heal wounds (0/9)
Scrolls
 b - 5 scrolls of magic mapping
 i - 7 scrolls of enchant armour
 j - 3 scrolls of silence
 m - a scroll of torment {unknown}
 n - a scroll of enchant weapon
 C - 3 scrolls of remove curse
 D - a scroll of fog
 H - 3 scrolls of identify
 O - a scroll of amnesia
 U - a scroll of recharging
Books
 l - a book of Unlife

   Spells                             Type                      Level
   a - Recall                         Summoning/Translocation      3
   b - Animate Dead                   Necromancy                   4
   c - Control Undead                 Necromancy                   4
   d - Cigotuvi's Embrace             Necromancy                   5
   e - Death Channel                  Necromancy                   6
   f - Simulacrum                     Ice/Necromancy               6
 z - a book of Enchantments

   Spells                             Type                      Level
   a - Cause Fear                     Hexes                        4
   b - Yara's Violent Unravelling     Hexes/Transmutation          5
   c - Silence                        Hexes/Air                    5
   d - Deflect Missiles               Charms/Air                   6
   e - Haste                          Charms                       6
   f - Discord                        Hexes                        8
 A - a book of Maledictions

   Spells                             Type                      Level
   a - Corona                         Hexes                        1
   b - Ensorcelled Hibernation        Hexes/Ice                    2
   c - Confuse                        Hexes                        3
   d - Tukima's Dance                 Hexes                        3
   e - Dazzling Spray                 Conjuration/Hexes            3
 I - a Young Poisoner's Handbook

   Spells                             Type                      Level
   a - Sting                          Conjuration/Poison           1
   b - Mephitic Cloud                 Conjuration/Poison/Air       3
   c - Olgreb's Toxic Radiance        Poison                       4
   d - Alistair's Intoxication        Transmutation/Poison         5
   e - Venom Bolt                     Conjuration/Poison           5
 K - a book of Changes

   Spells                             Type                      Level
   a - Beastly Appendage              Transmutation                1
   b - Sticks to Snakes               Transmutation                2
   c - Spider Form                    Transmutation/Poison         3
   d - Ice Form                       Ice/Transmutation            4
   e - Blade Hands                    Transmutation                5
Miscellaneous
 G - a disc of storms


   Skills:
 - Level 10.0 Fighting
   Level 0.7 Short Blades
 - Level 16.0 Maces & Flails
 - Level 4.5 Armour
 - Level 6.4 Dodging
 - Level 0.7 Stealth
 - Level 4.0 Shields
 + Level 13.7 Evocations


You had 15 spell levels left.
You didn't know any spells.

Dungeon Overview and Level Annotations

Branches:
Dungeon (10/15)            Temple (1/1) D:7            Lair (6/6) D:9
 Shoals (0/4) Lair:3        Snake (0/4) Lair:2        Slime (0/5) Lair:6
    Orc (2/2) D:9             Elf (2/3) Orc:2

Altars:
Ashenzari
Cheibriados
Dithmenos
Elyvilon
Fedhas
Gozag
Hepliaklqana
Kikubaaqudgha
Makhleb
Nemelex Xobeh
Okawaru
Qazlal
Ru
Sif Muna
Trog
Uskayaw
Vehumet
Xom
Yredelemnul
Zin
The Shining One
Jiyva

Shops:
D:7 !   D:8 *   D:9 }*   D:10 }?   Orc:1 ?   Orc:2 ****

Annotations:
Lair:2 Urug


Innate Abilities, Weirdness & Mutations

You do not eat or drink.
Your flesh is vulnerable to fire.
You are immune to poison.
Your flesh is cold resistant. (rC+)
You are immune to negative energy. (rN+++)
You are immune to unholy pain and torment.
You can survive without breathing.
You are in touch with the powers of death.


Message History

Okay, then.
Okay, then.
Evoke which item? (* to show all) (? for menu, Esc to quit)
Zapping:
B - a wand of teleportation (3/9)
Press: ? - help, Shift-Dir - straight line, f - you You feel strangely unstable.
This wand has 2 charges left.
You are covered in liquid flames!
The deep elf mage casts a spell.
The fire elemental hits you. The fire elemental burns you!
The fire burns you terribly!
* * * LOW HITPOINT WARNING * * *
You are covered in liquid flames!
* * * LOW HITPOINT WARNING * * *
A deep elf mage comes into view. It is wielding a dagger.
You are covered in liquid flames!
* * * LOW HITPOINT WARNING * * *
The fire elemental hits you. The fire elemental burns you!
The fire burns you terribly!
You die...
Your body crumbles into a pile of gold.

##..PPP..## ##..P..##
##...## ##.## ### ... ...
.... ############### .....
## #........@e..(##'.... .##
##.#..#...#E.#('.'#
..#####...........§e.'.##
.........#..#...#.§#.'.'#
..######.............##ee...
.## ############### .... ##
... ####### .. ##.....##


e You could see a deep elf knight, 2 deep elf magi, a fire elemental and 2
dancing weapons.

Vanquished Creatures
  Asterion (Elf:2)
  A sphinx (Orc:1)
  Gastronok (Lair:1)
  A deep elf sorcerer (Elf:2)
  A stone giant (D:9)
  5 dire elephants (Lair:6)
  An ettin (Orc:1)
  A deep elf death mage (Elf:1)
  The ghost of Kenran the Basher, a journeyman DsMo of Ru (Lair:3)
  A deep elf high priest (Elf:1)
  Harold (Orc:1)
  6 hydras
  An anaconda (Lair:6)
  A catoblepas (Lair:5)
  2 ogre magi
  An orc high priest (Elf:2)
  7 deep elf knights
  Nergalle (Orc:1)
  A deep troll (Orc:2)
  3 hill giants
  10 deep elf archers
  2 unseen horrors
  A necromancer (Lair:4)
  38 deep elf magi
  2 orc sorcerers (Orc:1)
  An oklob plant (Lair:4)
  A manticore (D:10)
  9 elephants
  3 cyclopes (Orc:2)
  A siren (Lair:3)
  A centaur zombie (D:10)
  4 black mambas
  Maurice (Orc:1)
  An ice statue (Lair:6)
  10 spiny frogs
  5 komodo dragons
  A freezing wraith (Lair:6)
  A rime drake (Lair:6)
  6 two-headed ogres
  12 trolls
  2 polar bears
  Prince Ribbit (D:4)
  13 blink frogs
  A boulder beetle (D:7)
  7 hippogriffs
  2 dream sheep (D:9)
  An air elemental (Elf:1)
  Sigmund (D:2)
  5 water elementals
  8 fire bats (Volcano)
  18 yaks
  A steam dragon (D:9)
  4 basilisks
  A fire elemental (Elf:2)
  5 wargs
  20 water moccasins
  7 porcupines
  21 orc warriors
  An eye of draining (D:9)
  8 ice beasts
  A black bear (D:9)
  2 sky beasts
  The ghost of GameOver the Sneak, an amateur NaWz (D:3)
  5 centaurs
  28 ogres
  2 phantoms
  3 wolves (Lair:6)
  19 crocodiles
  5 big kobolds
  11 bullfrogs
  4 earth elementals
  3 scorpions
  7 killer bees (D:10)
  9 wights
  8 howler monkeys
  4 crimson imps
  2 bullfrog zombies
  4 hounds
  4 jellies
  A centaur skeleton (D:5)
  2 gnoll shamans
  18 orc priests
  5 iguanas
  23 orc wizards
  10 worker ants
  A yak simulacrum (Lair:4)
  3 polar bear simulacra (Lair:4)
  5 wolf simulacra (Lair:4)
  A hound zombie (D:8)
  28 gnolls
  41 river rats
  14 adders
  4 shadow imps
  3 white imps (Lair:6)
  An ooze (D:1)
  2 adder skeletons
  4 worms
  A worm (shapeshifter) (Elf:1)
  A dart slug (D:2)
  5 leopard geckos
  74 orcs
  5 ball pythons
  4 bats
  10 giant cockroaches
  11 goblins
  10 hobgoblins
  10 jackals
  3 quokkas
  5 frilled lizards
  A jackal skeleton (D:9)
  18 kobolds
  A leopard gecko zombie (D:5)
  6 rats
  2 river rat simulacra (Lair:4)
  4 plants (Lair:6)
734 creatures vanquished.

Vanquished Creatures (collateral kills)
  4 dancing weapons (Elf:1)
  3 deep elf knights
  A deep troll (Orc:1)
  4 deep elf magi
  2 manticores
  The ghost of crawlian the Arsonist, a novice DEFE of Vehumet (D:8)
  A two-headed ogre (D:9)
  4 fire bats (Volcano)
  A mottled dragon (Volcano)
  An orc warrior (D:6)
  A killer bee (D:10)
  2 orc wizards (D:9)
  5 river rats (Lair:3)
  2 orcs
32 creatures vanquished.

Vanquished Creatures (others)
  22 dancing weapons
  A deep elf mage (Elf:2)
  A troll (Orc:1)
  A hell hound (Volcano)
  A killer bee (D:10)
  30 fungi
  26 plants
82 creatures vanquished.

Grand Total: 848 creatures vanquished

Notes
Turn   | Place    | Note
-------+----------+-------------------------------------------
     0 | D:1      | Amnesiac the Mummy Artificer began the quest for the Orb.
     0 | D:1      | Reached XP level 1. HP: 15/15 MP: 2/2
   148 | D:2      | Reached XP level 2. HP: 14/21 MP: 2/4
   357 | D:3      | Noticed GameOver's ghost (amateur NaWz)
   550 | D:2      | Reached skill level 1 in Maces & Flails
   619 | D:2      | Reached XP level 3. HP: 22/26 MP: 5/5
   750 | D:3      | Reached skill level 2 in Maces & Flails
   939 | D:4      | Reached XP level 4. HP: 29/32 MP: 6/6
  1471 | D:4      | Reached XP level 5. HP: 34/37 MP: 8/8
  1623 | D:5      | Entered Level 5 of the Dungeon
  1764 | D:5      | Reached skill level 3 in Maces & Flails
  1781 | D:5      | Reached XP level 6. HP: 5/43 MP: 9/9
  2080 | D:5      | Noticed Prince Ribbit
  2376 | D:4      | Killed Prince Ribbit
  2376 | D:4      | Reached skill level 5 in Maces & Flails
  2431 | D:5      | Reached XP level 7. HP: 29/48 MP: 10/10
  2821 | D:5      | Reached skill level 6 in Maces & Flails
  3173 | D:5      | Reached skill level 7 in Maces & Flails
  3173 | D:5      | Reached XP level 8. HP: 31/54 MP: 11/11
  4282 | D:6      | Reached skill level 8 in Maces & Flails
  5060 | D:7      | Found Nuoleman's Distillery.
  5226 | D:7      | Reached skill level 9 in Maces & Flails
  5557 | D:7      | Reached XP level 9. HP: 36/59 MP: 12/12
  6074 | D:7      | Found a staircase to the Ecumenical Temple.
  6087 | Temple   | Entered the Ecumenical Temple
  6096 | Temple   | Became a worshipper of Gozag Ym Sagoz the Greedy
  7220 | D:2      | Noticed Sigmund
  7247 | D:2      | Killed Sigmund
  7247 | D:2      | Reached skill level 10 in Maces & Flails
  7684 | D:3      | Killed GameOver's ghost
  8140 | D:6      | Reached skill level 5 in Evocations
  8774 | D:7      | Got a faintly glowing chain mail
  8826 | D:7      | Identified the +4 chain mail "Jofy" {rF+ MR+} (You found it on level 7 of the Dungeon)
  9354 | D:8      | Noticed a manticore
  9399 | D:8      | Noticed crawlian's ghost (novice DEFE)
  9699 | D:8      | Found a blossoming altar of Fedhas.
  9700 | D:8      | Found a sparkling altar of Nemelex Xobeh.
  9735 | D:8      | Bought a box of beasts for 340 gold pieces
  9744 | D:8      | Killed a manticore
  9744 | D:8      | Reached XP level 10. HP: 21/65 MP: 15/15
  9992 | D:8      | Found a hazy altar of Hepliaklqana.
 10469 | D:8      | Bought a +0 morningstar of venom for 115 gold pieces
 10476 | D:8      | Killed crawlian's ghost
 10645 | D:9      | Found a glowing golden altar of the Shining One.
 10772 | D:9      | Noticed an unseen horror
 11576 | D:9      | Found a staircase to the Lair.
 11621 | D:9      | Killed an unseen horror
 11621 | D:9      | Reached skill level 11 in Maces & Flails
 12377 | D:9      | Noticed a three-headed hydra
 12384 | D:9      | Killed a one-headed hydra
 12384 | D:9      | Reached skill level 12 in Maces & Flails
 12384 | D:9      | Reached XP level 11. HP: 34/70 MP: 17/17
 13689 | D:9      | Found a staircase to the Orcish Mines.
 13852 | D:10     | Entered Level 10 of the Dungeon
 14515 | D:10     | Noticed a hill giant
 14552 | D:10     | Killed a hill giant
 14690 | D:10     | Found Iniess's Gadget Shop.
 15104 | D:10     | Found a stormy altar of Qazlal.
 15115 | D:10     | Noticed an unseen horror
 15129 | D:10     | Killed an unseen horror
 15129 | D:10     | Reached skill level 13 in Maces & Flails
 15505 | D:10     | Found Xuckeonn's Magic Scroll Shop.
 16039 | D:10     | Bought a -3 iron rod (12/12) for 980 gold pieces
 16099 | Lair:1   | Entered Level 1 of the Lair of Beasts
 16574 | Lair:1   | Noticed a seven-headed hydra
 16578 | Lair:1   | Killed a seven-headed hydra
 16683 | Lair:1   | Noticed Gastronok
 16718 | Lair:1   | Killed Gastronok
 16718 | Lair:1   | Reached skill level 14 in Maces & Flails
 16718 | Lair:1   | Reached XP level 12. HP: 38/76 MP: 18/18
 17099 | D:10     | Bought a scroll of recharging for 123 gold pieces
 17099 | D:10     | Bought a scroll of recharging for 123 gold pieces
 17100 | D:10     | Bought a scroll of silence for 97 gold pieces
 18145 | Lair:2   | Noticed Urug
 19345 | Lair:2   | Found a staircase to the Snake Pit.
 19829 | Lair:2   | Reached skill level 5 in Fighting
 20228 | Lair:3   | Noticed Kenran's ghost (journeyman DsMo)
 20411 | Lair:3   | Found a staircase to the Shoals.
 20825 | Lair:3   | Killed Kenran's ghost
 21783 | Lair:4   | Noticed a five-headed hydra
 21792 | Lair:4   | Killed a five-headed hydra
 21880 | Lair:4   | Got a twisted chain mail
 21891 | Lair:4   | Identified the cursed +1 chain mail of Iqafan {rPois} (You found it on level 4 of the Lair of Beasts)
 21911 | Lair:4   | Identified a scroll of acquirement
 21929 | Lair:4   | Got a faintly glowing scale mail
 21972 | Lair:4   | Found a dark tunnel.
 21977 | Volcano  | Entered a volcano
 21995 | Volcano  | Got a bloodstained cloak
 22057 | Volcano  | HP: 1/96 [fire bat (16)]
 22058 | Volcano  | Gained mutation: You are in touch with the powers of death. [Mummy growth]
 22058 | Volcano  | Reached XP level 13. HP: 1/101 MP: 19/19
 22416 | Lair:4   | Identified the +2 cloak "Riodevuf" {rPois rC+++ Stlth-} (You found it in a volcano)
 22427 | Lair:4   | Identified the +5 scale mail of the Snail {rN+++ Int-4 Dex+5} (You found it on level 4 of the Lair of Beasts)
 22740 | Lair:4   | Got an iridescent whip
 22747 | Lair:4   | Reached skill level 10 in Fighting
 23861 | Lair:6   | Entered Level 6 of the Lair of Beasts
 24603 | Lair:6   | Reached skill level 15 in Maces & Flails
 25363 | Lair:6   | Found a viscous altar of Jiyva.
 25364 | Lair:6   | Found a staircase to the Slime Pits.
 26321 | Lair:6   | Noticed a dire elephant
 26350 | Lair:6   | Noticed a dire elephant
 27682 | Lair:6   | Killed a dire elephant
 27966 | Lair:6   | Noticed a dire elephant
 28007 | Lair:6   | Noticed a dire elephant
 28023 | Lair:6   | Killed a dire elephant
 28229 | Lair:6   | Noticed a dire elephant
 28299 | Lair:6   | Killed a dire elephant
 28487 | Lair:6   | Noticed a dire elephant
 28898 | Lair:6   | Killed a dire elephant
 28898 | Lair:6   | Reached skill level 16 in Maces & Flails
 28898 | Lair:6   | Reached XP level 14. HP: 80/110 MP: 21/21
 30175 | Orc:1    | Entered Level 1 of the Orcish Mines
 30254 | Orc:1    | Noticed Maurice
 30276 | Orc:1    | Killed Maurice
 30276 | Orc:1    | Reached skill level 10 in Evocations
 30786 | Orc:2    | Entered Level 2 of the Orcish Mines
 30786 | Orc:2    | Found a staircase to the Elven Halls.
 30877 | Orc:1    | Reached skill level 1 in Shields
 31659 | Orc:2    | Noticed a stone giant
 32899 | Orc:1    | Noticed Harold
 32916 | Orc:1    | Killed Harold
 33520 | Orc:1    | Noticed Nergalle
 33529 | Orc:1    | Killed Nergalle
 33642 | Orc:1    | Noticed an orc warlord
 34037 | Orc:1    | Noticed a sphinx
 34037 | Orc:1    | an orc warlord changed into a sphinx
 34046 | Orc:1    | Identified the cursed +3 whip "Cuulloerr" {freeze, rN+ Str+4} (You found it on level 4 of the Lair of Beasts)
 34067 | Orc:1    | Killed a sphinx
 34271 | Orc:1    | Found Senischo's Magic Scroll Shop.
 35305 | Orc:1    | Reached skill level 5 in Dodging
 36276 | Orc:2    | Found Xoff's General Store.
 36311 | Orc:2    | Found Ytzar's Assorted Antiques.
 36322 | Orc:2    | Found Jajoasy's General Store.
 36331 | Orc:2    | Bought a pair of runed boots for 130 gold pieces
 36331 | Orc:2    | Bought an iron wand for 116 gold pieces
 36341 | Orc:2    | Identified a +1 pair of boots of running (You bought it in a shop on level 2 of the Orcish Mines)
 36344 | Orc:2    | Found Qusoirhe's Assorted Antiques.
 36348 | Orc:2    | Bought a sack of spiders for 280 gold pieces
 37061 | D:9      | Bought a disc of storms for 300 gold pieces
 37061 | D:9      | Bought a box of beasts for 300 gold pieces
 37061 | D:9      | Bought a box of beasts for 300 gold pieces
 37061 | D:9      | Bought a wand of teleportation (3/9) for 315 gold pieces
 37403 | D:9      | Killed a stone giant
 37403 | D:9      | Reached skill level 1 in Armour
 37522 | Elf:1    | Entered Level 1 of the Elven Halls
 37708 | Elf:1    | HP: 5/110 [deep elf mage/shard of ice (4)]
 39187 | Elf:1    | Reached XP level 15. HP: 111/115 MP: 22/22
 41504 | Elf:2    | Noticed Asterion
 42810 | Elf:2    | Noticed a deep elf sorcerer
 42817 | Elf:2    | Killed a deep elf sorcerer
 43037 | Elf:2    | Found a runed gate.
 43037 | Elf:2    | Found a runed gate.
 43038 | Elf:2    | Found a runed gate.
 43132 | Elf:2    | Killed Asterion
 43836 | Elf:2    | Reached XP level 16. HP: 26/122 MP: 26/26
 44498 | Elf:2    | Slain by a fire elemental

Vault maps used:
D:1:      erik_arrival_triangle_medium
D:2:      uniq_sigmund
D:3:      first_bread
D:5:      uniq_prince_ribbit1
D:6:      minmay_unpleasant_kobolds
D:7:      boulder_indie, serial_shops, shop_statue
D:8:      minitemple, kennysheep_mini_moat
D:9:      minmay_lair_entry_grove, david_orc_4, hangedman_ranch,
          nicolae_tso_swordbearing_angel
D:10:     serial_shops, nicolae_shop_behind_doors, shop, grunt_qazlal_clouds
Temple:   nicolae_temple_no_exploring_needed
Lair:1:   lemuel_fruit_fields, infiniplex_staircase_pool, lemuel_fruit_tree,
          uniq_gastronok
Lair:2:   dummy_snake_entry, grunt_megastairs_1, uniq_urug
Lair:3:   minmay_shoals_entry_lonely_mermaid, grunt_megastairs_3,
          lemuel_fruit_fields, infiniplex_staircase_pool_2
Lair:4:   enter_volcano_4, eino_house_with_fridge
Lair:5:   kennysheep_catoblepas_arena
Lair:6:   due_jungle_book, slime_altar_1, small_statue_intersection, ice2_lemuel
Orc:1:    serial_shops, shop_fountains, uniq_harold, uniq_nergalle, uniq_maurice
Orc:2:    st_orc_open
Elf:1:    evilmike_minifort
Elf:2:    grunt_ministairs_15, uniq_agnes, uniq_asterion
Volcano:  volcano_caves

Skill      XL: |  1  2  3  4  5  6  7  8  9 10 11 12 13 14 15 |
---------------+----------------------------------------------+-----
Evocations     | 3 4 7 8 9 10 13 | 13.7
Maces & Flails | 1 2 3 5 7 9 10 12 14 16 | 16.0
Fighting       | 9 10 | 10.0
Shields        | 4 |  4.0
Dodging        | 6 |  6.4
Armour         | 4 |  4.5
Short Blades   | |  0.7
Stealth        | |  0.7

Action                   |  1- 3 |  4- 6 |  7- 9 | 10-12 | 13-15 | 16-18 || total
-------------------------+-------+-------+-------+-------+-------+-------++-------
Melee: Mace              |    35 |   102 |   672 |    51 |       |       ||   860
       Short sword       |     2 |       |       |       |       |       ||     2
       Whip              |    43 |       |     7 |       |       |       ||    50
       Trident           |       |       |    19 |       |       |       ||    19
       Morningstar       |       |       |       |   875 |   953 |    44 ||  1872
       Falchion          |       |       |       |     6 |       |       ||     6
       Great mace        |       |       |       |       |   548 |       ||   548
Invok: Call Merchant     |       |       |     1 |       |     2 |       ||     3
       Potion Petition   |       |       |       |     1 |       |       ||     1
 Abil: Evoke Flight      |       |       |       |       |     4 |       ||     4
Evoke: Wand              |     8 |     2 |    18 |    12 |    72 |     1 ||   113
       Box of beasts     |       |       |     1 |     2 |     8 |       ||    11
       Rod               |       |       |       |    23 |    50 |       ||    73
       Disc of storms    |       |       |       |       |    20 |    10 ||    30
       Sack of spiders   |       |       |       |       |     6 |       ||     6
  Use: Scroll            |     3 |     2 |     8 |    13 |    17 |       ||    43
 Stab: Paralysed         |       |     4 |       |       |     2 |       ||     6
       Distracted        |       |       |     1 |     7 |    13 |       ||    21
       Invisible         |       |       |       |     1 |       |       ||     1
       Betrayed ally     |       |       |       |     1 |       |       ||     1
       Confused          |       |       |       |       |     1 |       ||     1
       Held in net/web   |       |       |       |       |     2 |       ||     2
Armor: Chain mail        |    60 |    61 |   429 |   547 |   453 |       ||  1550
       Storm dragon armo |       |       |     8 |       |   147 |    17 ||   172
Dodge: Dodged            |    33 |    35 |   256 |   320 |   431 |     7 ||  1082
Block: Buckler           |       |       |       |       |   149 |     2 ||   151
